 Dungeon Crawl Stone Soup version 0.22.1-1-ga44c0e5 (webtiles) character file.

107 nixmar the Cudgeler (level 4, -4/28 HPs)
             Began as a Gargoyle Fighter on Oct 21, 2018.
             Killed by divine providence
             ... invoked by an orc priest
              (13 damage)
             ... on level 2 of the Dungeon.
             The game lasted 00:07:34 (1859 turns).

nixmar the Cudgeler (Gargoyle Fighter)              Turns: 1859, Time: 00:07:35

Health: -4/28      AC: 15    Str: 20    XL:     4   Next: 85%
Magic:  4/4        EV:  5    Int:  9    God:
Gold:   65         SH:  9    Dex:  9    Spells: 3/3 levels left

rFire    . . .     SeeInvis .   o - +0 mace
rCold    . . .     Gourm    .   c - +0 shield
rNeg     + . .     Faith    .   j - +0 chain mail (curse)
rPois    ∞         Spirit   .   i - +0 helmet
rElec    +         Reflect  .   g - +0 cloak
rCorr    .         Harm     .   (no gloves)
MR       .....                  (no boots)
Stlth    ..........             (no amulet)
HPRegen  0.09/turn              (no ring)
MPRegen  0.09/turn              (no ring)

@: no status effects
A: negative energy resistance 1, electricity resistance, unbreathing,
petrification resistance, rot immunity, AC +3
a: no special abilities


You were on level 2 of the Dungeon.
You were not hungry.

You visited 1 branch of the dungeon, and saw 3 of its levels.

You collected 65 gold pieces.

Inventory:

Hand Weapons
 a - a +0 flail
 o - a +0 mace (weapon)
   (You found it on level 1 of the Dungeon)
Missiles
 h - 9 tomahawks (quivered)
Armour
 c - a +0 shield (worn)
 g - a +0 cloak (worn)
   (You found it on level 1 of the Dungeon)
 i - a +0 helmet (worn)
   (You found it on level 1 of the Dungeon)
 j - a cursed +0 chain mail (worn)
   (You found it on level 2 of the Dungeon)
Scrolls
 k - a scroll of enchant weapon {unknown}
 q - a scroll of magic mapping
 r - a scroll of teleportation {unknown}
 s - a scroll of enchant armour {unknown}
Potions
 d - a potion of might
 f - a potion of curing {unknown}
 l - a potion of lignification {unknown}
 m - a potion of brilliance {unknown}
 n - a potion of cancellation {unknown}
 p - a potion of ambrosia {unknown}
Comestibles
 b - 2 chunks of flesh
 e - 3 rations {!d}


   Skills:
 - Level 3.2 Fighting
 + Level 4.9 Maces & Flails
 - Level 3.2 Armour
 - Level 3.2 Shields


You had 3 spell levels left.
You didn't know any spells.
Your spell library was empty.

Dungeon Overview and Level Annotations

Branches:
Dungeon (3/15)

Altars:


Innate Abilities, Weirdness & Mutations

You are resistant to torment.
Your stone body is resilient. (AC +3)
You are immune to poison.
You resist negative energy. (rN+)
You are resistant to electric shocks. (rElec)
You can survive without breathing.
You are immune to petrification.
You are immune to rotting.


Message History

Eating a chunk of flesh.
You eat the chunk of flesh.
You climb upwards.
The orc priest completely misses you.
There is a stone staircase leading down here.
You can't go up here!
The orc hits you from afar with a trident.
You climb downwards.
There is a stone staircase leading up here.
You closely miss the orc priest. The orc priest hits you with a flail.
You hit the orc priest. The orc priest barely misses you.
You closely miss the orc priest.
The orc priest calls down the wrath of Beogh upon you.
Pain shoots through your body! The orc priest barely misses you.
You sock the orc priest!
You kill the orc priest!
You start resting.
Items here: )) [ ÷ † a flail; a leather armour; a hand axe; an orc corpse; an orc skeleton You butcher the orc corpse.
b - 2 chunks of flesh
Items here: )) [ ÷÷ a flail; a leather armour; a hand axe; an orc skeleton x2
There is a stone staircase leading up here.
You climb upwards.
You block the orc's attack.
There is a stone staircase leading down here.
You block the orc's attack.
The orc priest invokes the aid of Beogh against you.
Beogh smites you!
Ouch! That really hurt!
* * * LOW HITPOINT WARNING * * *
You barely miss the orc.
The orc priest looks braver for a moment.
The orc completely misses you.
You hit the orc but do no damage. The orc hits you but does no damage.
You sock the orc!
You kill the orc!
The orc priest hits you but does no damage.
Your shield and chain mail prevent you from hitting the orc priest.
You block the orc's attack.
The orc priest calls down the wrath of Beogh upon you.
Pain shoots through your body!
* * * LOW HITPOINT WARNING * * *
You completely miss the orc priest. The orc hits you but does no damage.
The orc priest hits you but does no damage.
Your shield and chain mail prevent you from hitting the orc priest.
The orc hits you but does no damage.
The orc priest hits you but does no damage.
You closely miss the orc priest. You block the orc's attack.
The orc priest mumbles some strange prayers to Beogh against you.
Beogh smites you!
You die...

,,,,*#..##.o...##..#.#.#
#....#
,,,,*#..###$oo###..#.#.#
#....#
,,,,*#...#######...#.#.#
#....#
*****#..........[..#.#.#
######
##.........>.##.#.# #
###?...#.#.###.#.# #
#......#o# #.#.# #
####.#.#o# #.#.# #
#.#.#@# #.#.# #
#.#[#.###.#.# #
#.#.#.#...#.#
#.#.#.#.###.#
#.#.#.#.....#
#.#...#####.##########
#.....................
######################


You could see an orc priest and an orc.

Vanquished Creatures
  An orc priest (D:3)
  An orc wizard (D:2)
  A gnoll (D:1)
  A dart slug (D:1)
  2 leopard geckos (D:1)
  2 orcs
  7 bats
  2 giant cockroaches (D:1)
  4 goblins
  2 hobgoblins
  3 jackals (D:1)
  4 kobolds (D:1)
  A quokka (D:2)
  2 frilled lizards (D:1)
  A rat (D:1)
34 creatures vanquished.

Notes
Turn   | Place    | Note
-------+----------+-------------------------------------------
     0 | D:1      | nixmar the Gargoyle Fighter began the quest for the Orb.
     0 | D:1      | Reached XP level 1. HP: 14/14 MP: 1/1
   112 | D:1      | Reached XP level 2. HP: 6/19 MP: 2/2
   503 | D:1      | Reached skill level 3 in Maces & Flails
   735 | D:1      | Reached XP level 3. HP: 21/23 MP: 3/3
  1527 | D:2      | Reached skill level 4 in Maces & Flails
  1527 | D:2      | Reached XP level 4. HP: 26/28 MP: 4/4
  1859 | D:2      | Killed from afar by an orc priest

Skill      XL: |  1  2  3 |
---------------+----------+-----
Maces & Flails | 3 4 |  4.9
Fighting       | |  3.2
Armour         | |  3.2
Shields        | |  3.2

Action                   |  1- 3 |  4- 6 || total
-------------------------+-------+-------++-------
Melee: Flail             |    90 |       ||    90
       Mace              |    62 |    14 ||    76
  Use: Scroll            |     3 |       ||     3
  Eat: Chunk             |     2 |     1 ||     3
Armor: Scale mail        |    74 |       ||    74
       Chain mail        |    27 |     8 ||    35
Dodge: Dodged            |    47 |     4 ||    51
Block: Shield            |    93 |     5 ||    98
